 Dungeon Crawl Stone Soup version 0.26.1-2-gb8aa6d0cf2 (webtiles) character file.

Game seed: 6199938655065642268

36995 Gabide the Severer (level 14, 0/105 HPs)
             Began as a Human Fighter on Mar 1, 2021.
             Was a Believer of Ashenzari.
             Slain by a nine-headed hydra (4 damage)
             ... on level 13 of the Dungeon.
             The game lasted 00:48:58 (15085 turns).

Gabide the Severer (Human Fighter)                 Turns: 15085, Time: 00:48:59

Health: 0/105      AC: 21    Str: 19    XL:     14   Next: 26%
Magic:  14/14      EV: 14    Int: 12    God:    Ashenzari [**....]
Gold:   144        SH:  8    Dex: 17    Spells: 13/13 levels left

rFire    + . .     SeeInvis +   p - +5 hand axe "Pioluixi" {vorpal, *Drain rElec rPois SInv}
rCold    + . .     Faith    .   j - +2 buckler {AC+3}
rNeg     + . .     Spirit   .   E - +3 ring mail of Dust Devil {rElec rF+ Int+3}
rPois    +         Reflect  .   r - +1 helmet "Xete Xioro" {rC+ rCorr Str-4 Dex+3}
rElec    +         Harm     .   k - +0 cloak
rCorr    +         Rampage  .   F - +0 pair of gloves
Will     +....                  z - +2 pair of boots
Stlth    +.........             (no amulet)
HPRegen  0.27/turn              O - +4 ring of slaying
MPRegen  0.14/turn              J - ring of Heeruvee {rN+ Str+3}

@: mighty, studying Poison Magic
A: no striking features
a: Renounce Religion, Curse Item, Scrying


You were on level 13 of the Dungeon.
You worshipped Ashenzari.
Ashenzari was pleased with you.
You visited 1 branch of the dungeon, and saw 13 of its levels.
You also visited: Sewer.

You collected 967 gold pieces.
You spent 823 gold pieces at shops.

Inventory:

Hand Weapons
 o - a +5 war axe of venom
 p - the +5 hand axe "Pioluixi" (weapon) {vorpal, *Drain rElec rPois SInv}
   (You found it on level 12 of the Dungeon)

   It inflicts extra damage upon your enemies.
   It insulates you from electricity.
   It protects you from poison.
   It lets you see invisible.
   It causes draining when unequipped.
 H - a +3 vampiric broad axe
 N - a +2 dire flail of holy wrath
Missiles
 f - 10 boomerangs
 v - 4 curare-tipped darts (quivered)
Armour
 e - the +0 helmet of Liberty {Harm rN+ Dex+3}
   (You found it on level 13 of the Dungeon)

   It affects your dexterity (+3).
   It protects you from negative energy.
   It increases damage dealt and taken.
 j - a +2 buckler of protection (worn)
 k - a +0 cloak (worn)
 r - the +1 helmet "Xete Xioro" (worn) {rC+ rCorr Str-4 Dex+3}
   (You found it on level 12 of the Dungeon)

   It affects your strength (-4).
   It affects your dexterity (+3).
   It protects you from cold.
   It provides partial protection from all sources of acid and corrosion.
 z - a +2 pair of boots (worn)
 E - the +3 ring mail of Dust Devil (worn) {rElec rF+ Int+3}
   (You found it on level 12 of the Dungeon)

   It affects your intelligence (+3).
   It protects you from fire.
   It insulates you from electricity.
 F - a +0 pair of gloves (worn)
 U - a +1 hat of willpower
Jewellery
 t - an uncursed ring of flight
 u - a +4 ring of protection
 G - an uncursed ring of willpower
 J - the ring of Heeruvee (right hand) {rN+ Str+3}
   (You bought it in a shop on level 11 of the Dungeon)

   [ring of positive energy]

   It affects your strength (+3).
   It protects you from negative energy.
 O - a +4 ring of slaying (left hand)
 P - an uncursed ring of protection from cold
Wands
 B - a wand of enslavement (4)
 D - a wand of digging (5)
 I - a wand of flame (9)
 K - a wand of iceblast (17)
 R - a wand of polymorph (16)
 S - a wand of disintegration (4)
Scrolls
 b - a scroll of magic mapping
 q - 3 scrolls of amnesia
 s - a scroll of identify
 x - 5 scrolls of teleportation
 y - a scroll of fear
 Q - a scroll of remove curse
Potions
 c - a potion of haste
 d - a potion of might
 g - 4 potions of brilliance
 h - a potion of cancellation {unknown}
 i - 4 potions of ambrosia
 l - a potion of attraction {unknown}
 m - a potion of lignification {unknown}
 n - 5 potions of curing
 w - 4 potions of flight
 A - 2 potions of mutation
 M - 2 potions of berserk rage {unknown}
Books
 a - a manual of Poison Magic


   Skills:
 + Level 8.1 Fighting
 + Level 1.8(2.2) Short Blades
 + Level 1.8(2.2) Long Blades
 * Level 15.5(15.8) Axes
 + Level 4.7(11.5) Maces & Flails
 + Level 1.8(10.7) Polearms
 + Level 1.8(3.7) Staves
 + Level 4.8 Throwing
 + Level 7.8 Armour
 * Level 5.6 Dodging
 + Level 6.4 Shields
 + Level 1.8 Ice Magic
 + Level 1.8 Air Magic
 + Level 1.8 Earth Magic
 + Level 1.8 Poison Magic


You had 13 spell levels left.
You didn't know any spells.
Your spell library contained the following spells:

 Spells                   Type           Power        Failure   Level
 Shock                    Conj/Air       8%           36%         1
 Swiftness                Air            4%           36%         2
 Corona                   Hex            0%           45%         1
 Ensorcelled Hibernation  Hex/Ice        4%           50%         2
 Slow                     Hex            0%           61%         2
 Static Discharge         Conj/Air       2%           73%         3
 Confusing Touch          Hex            0%           83%         3
 Dazzling Flash           Conj/Hex       0%           83%         3
 Inner Flame              Hex/Fire       0%           83%         3
 Portal Projectile        Hex/Tloc       0%           83%         3
 Tukima's Dance           Hex            0%           83%         3
 Airstrike                Air            2%           94%         4
 Leda's Liquefaction      Hex/Erth       1%           98%         4
 Summon Lightning Spire   Summ/Air       2%           98%         4
 Cause Fear               Hex            0%           99%         4
 Lightning Bolt           Conj/Air       1%           100%        5
 Silence                  Hex/Air        1%           100%        5
 Conjure Ball Lightning   Conj/Air       1%           100%        6
 Tornado                  Air            2%           100%        9


Dungeon Overview and Level Annotations

Branches:
Dungeon (13/15)            Temple (0/1) D:7            Lair (0/6) D:11
    Orc (0/2) D:10          Sewer (visited)
 Vaults: D:13-14

Altars:
Ashenzari
Dithmenos
Elyvilon
Fedhas
Kikubaaqudgha
Okawaru
Ru
Sif Muna
Xom

Shops:
D:5 ?   D:7 ([=   D:11 =

Annotations:
D:5 exclusion: oklob plant
D:8 exclusion: ice statue
D:10 2 transporters
D:12 1 runed translucent door, Paulthewizard's ghost, journeyman DrEE


Message History

You lop one of the eight-headed hydra's heads off!
The seven-headed hydra grows two more!
You slash the nine-headed hydra!
The nine-headed hydra is lightly wounded.
The nine-headed hydra bites you.
The nine-headed hydra bites you but does no damage.
The nine-headed hydra bites you.
You block the nine-headed hydra's attack.
The nine-headed hydra bites you!
* * * LOW HITPOINT WARNING * * *
The nine-headed hydra bites you.
* * * LOW HITPOINT WARNING * * *
The nine-headed hydra bites you but does no damage.
The nine-headed hydra misses you. The nine-headed hydra bites you!
* * * LOW HITPOINT WARNING * * *
Okay, then.
There is a stone staircase leading up here.
The nine-headed hydra bites you!
* * * LOW HITPOINT WARNING * * *
The nine-headed hydra bites you.
You die...

#.# #....# #.....# *
#.# #....# #.....# ,
, , , #.# #....#
#.....#* ,,*
#.###....# #.....# *
* #........# #.....#
#####....# #.....#
#.†..###.....#
#............##
##..####..@...# *
#..# ##..D...#
########..# #.......#
#......#..#
#o......#* *
#.####.#..###o###'###
, * #.#
#.#..#.....#.#*, ,
#.# #.#..#...#{#.#{ ,
* , ,, #.#
#....#..##o#.# ** ,
#.# ####.##..##.#.#


You could see a nine-headed hydra, an orc priest and an orc.

Vanquished Creatures
  A fire giant (D:12)
  A deep elf high priest (D:12)
  A hydra (D:12)
  3 two-headed ogres
  2 deep troll earth magi (D:12)
  2 unseen horrors
  A deep troll (shapeshifter) (D:9)
  A deep elf mage (D:12)
  2 ugly things (D:12)
  A cyclops (D:12)
  2 manticores (D:12)
  Psyche (D:12)
  2 gargoyles (D:12)
  A troll (D:11)
  A shadow (D:11)
  23 yaks
  3 wyverns
  A basilisk (D:12)
  A vampire mosquito (D:12)
  3 swamp worms (D:12)
  2 soldier ants
  A water moccasin (D:8)
  4 orc warriors
  5 ice beasts
  4 sky beasts
  6 phantoms
  7 ogres
  2 eyes of draining
  16 centaurs
  5 big kobolds
  Blork the orc (D:5)
  7 bullfrogs
  A wyvern zombie (D:9)
  6 scorpions
  9 killer bees
  16 wights
  7 howler monkeys
  2 vampire bats (D:6)
  7 hounds
  6 quasits
  Crazy Yiuf (D:3)
  2 centaur zombies
  11 orc wizards
  3 jellies
  4 centaur skeletons
  7 orc priests
  4 bullfrog skeletons
  6 iguanas
  7 worker ants
  A killer bee zombie (D:10)
  A hound zombie (D:8)
  4 hound skeletons
  6 gnolls
  A howler monkey skeleton (D:10)
  11 adders
  5 shadow imps
  2 ufetubi
  3 oozes
  An adder zombie (D:8)
  3 adder skeletons
  3 worms
  7 leopard geckos
  51 orcs
  2 bat skeletons (D:6)
  3 bat zombies (D:6)
  3 giant cockroaches
  16 goblins
  9 hobgoblins
  7 jackals
  3 quokkas
  7 ball pythons
  5 bats
  5 frilled lizards
  A jackal zombie (D:5)
  11 kobolds
  2 leopard gecko skeletons
  2 quokka zombies (D:5)
  9 rats
396 creatures vanquished.

Vanquished Creatures (others)
  A war gargoyle (D:12)
  An ettin (D:12)
  A hydra (D:12)
  A death knight (D:12)
  A deep elf mage (D:12)
  A tengu conjurer (D:12)
  A scorpion (D:12)
  A jelly (D:12)
  An adder (D:8)
  An orc (D:6)
  6 plants
16 creatures vanquished.

Grand Total: 412 creatures vanquished

Notes
Turn   | Place    | Note
-------+----------+-------------------------------------------
     0 | D:1      | Gabide the Human Fighter began the quest for the Orb.
     0 | D:1      | Reached XP level 1. HP: 18/18 MP: 1/1
   201 | D:1      | Reached XP level 2. HP: 24/24 MP: 2/2
   606 | D:1      | Reached XP level 3. HP: 29/29 MP: 3/3
  1103 | D:2      | Found a shadowy altar of Dithmenos.
  1570 | D:2      | Found a shimmering blue altar of Sif Muna.
  1599 | D:2      | Reached XP level 4. HP: 26/35 MP: 4/4
  2054 | D:2      | Reached skill level 1 in Throwing
  2506 | D:3      | Reached XP level 5. HP: 40/41 MP: 5/5
  2816 | D:3      | Found a runed translucent door.
  2817 | D:3      | Noticed Crazy Yiuf
  2824 | D:3      | Killed Crazy Yiuf
  3222 | D:4      | Reached skill level 1 in Axes
  3222 | D:4      | Reached XP level 6. HP: 42/47 MP: 6/6
  3454 | D:4      | Reached skill level 1 in Dodging
  3806 | D:4      | Noticed an ice beast
  3818 | D:4      | Killed an ice beast
  3819 | D:4      | Reached skill level 2 in Axes
  3819 | D:4      | Reached XP level 7. HP: 53/53 MP: 7/7
  4073 | D:5      | Entered Level 5 of the Dungeon
  4082 | D:5      | Noticed Blork the orc
  4090 | D:5      | Killed Blork the orc
  4153 | D:5      | Reached skill level 3 in Axes
  4363 | D:5      | Reached skill level 4 in Axes
  4363 | D:5      | Reached XP level 8. HP: 60/60 MP: 8/8
  4611 | D:5      | Found a glowing drain.
  4629 | D:5      | Reached skill level 5 in Axes
  4658 | Sewer    | Entered a sewer
  4961 | Sewer    | Reached skill level 6 in Axes
  5370 | D:5      | Found a broken altar of Ashenzari.
  5379 | D:5      | Became a worshipper of Ashenzari the Shackled
  5541 | D:5      | Found Lauj's Magic Scroll Shoppe.
  5549 | D:5      | Bought a scroll of enchant armour for 82 gold pieces
  5549 | D:5      | Bought a scroll of enchant weapon for 82 gold pieces
  5549 | D:5      | Bought a scroll of enchant weapon for 82 gold pieces
  5549 | D:5      | Bought a scroll of remove curse for 33 gold pieces
  5576 | D:5      | Found a blossoming altar of Fedhas.
  5597 | D:5      | Noticed an oklob plant
  5877 | D:6      | Reached XP level 9. HP: 54/66 MP: 9/9
  5947 | D:6      | Reached skill level 7 in Axes
  6091 | D:6      | Found a white marble altar of Elyvilon.
  6164 | D:6      | Reached skill level 8 in Axes
  6422 | D:6      | Reached skill level 5 in Armour
  6656 | D:6      | Found an ancient bone altar of Kikubaaqudgha.
  7005 | D:7      | Found a staircase to the Ecumenical Temple.
  7074 | D:7      | Found Buill's Armour Boutique.
  7084 | D:7      | Bought a +0 pair of gloves for 45 gold pieces
  7091 | D:7      | Found Vuotaump's Jewellery Emporium.
  7117 | D:7      | Found Efeax's Weapon Boutique.
  7149 | D:7      | Reached skill level 9 in Axes
  7212 | D:7      | Reached * piety under Ashenzari
  7427 | D:7      | Reached XP level 10. HP: 69/73 MP: 10/10
  7788 | D:7      | Found Zacafeu's Gadget Shoppe.
  7967 | D:8      | Reached skill level 10 in Axes
  7971 | D:8      | Reached skill level 5 in Fighting
  8015 | D:8      | Found an iron altar of Okawaru.
  8063 | D:8      | Noticed a two-headed ogre
  8092 | D:8      | Killed a two-headed ogre
  8093 | D:8      | Reached skill level 11 in Axes
  8446 | D:8      | Found a sacrificial altar of Ru.
  8601 | D:8      | Noticed a two-headed ogre
  8613 | D:8      | Killed a two-headed ogre
  8614 | D:8      | Reached skill level 5 in Shields
  8614 | D:8      | Reached XP level 11. HP: 70/80 MP: 11/11
  8995 | D:9      | Reached skill level 12 in Axes
  9577 | D:9      | Noticed a deep troll
  9583 | D:9      | Killed a deep troll
 10038 | D:10     | Entered Level 10 of the Dungeon
 10332 | D:10     | Found a transporter.
 10332 | D:10     | Noticed a cyclops
 10333 | D:10     | Noticed a deep troll
 10333 | D:10     | Noticed a deep troll
 10333 | D:10     | Noticed a centaur warrior
 10337 | D:10     | Identified the ring of Okihoeq {*Tele rF- Str+7}
 10338 | D:10     | Found a transporter.
 10554 | D:10     | Found a staircase to the Orcish Mines.
 10649 | D:10     | Reached skill level 13 in Axes
 10698 | D:10     | Reached ** piety under Ashenzari
 11137 | D:11     | Found Buar's Jewellery Shop.
 11171 | D:11     | Noticed a two-headed ogre
 11186 | D:11     | Killed a two-headed ogre
 11238 | D:11     | Found a staircase to the Lair.
 11289 | D:11     | Killed an unseen horror
 11290 | D:11     | Reached XP level 12. HP: 71/88 MP: 12/12
 11392 | D:11     | Bought the ring of Heeruvee {rN+ Str+3} for 499 gold pieces
 11496 | D:11     | Reached skill level 14 in Axes
 11726 | D:11     | Found a blossoming altar of Fedhas.
 11895 | D:12     | Got the uncursed helmet "Xete Xioro" {rC+ rCorr Str-4
                  | Dex+3}
 11906 | D:12     | Identified the +1 helmet "Xete Xioro" {rC+ rCorr Str-4
                  | Dex+3} (You found it on level 12 of the Dungeon)
 12083 | D:12     | Noticed Psyche
 12089 | D:12     | Killed Psyche
 12154 | D:12     | Got the uncursed ring mail of Dust Devil {rElec rF+ Int+3}
 12165 | D:12     | Identified the +3 ring mail of Dust Devil {rElec rF+ Int+3}
                  | (You found it on level 12 of the Dungeon)
 12638 | D:12     | Found a runed translucent door.
 12638 | D:12     | Found a shimmering altar of Xom.
 12638 | D:12     | Noticed Paulthewizard's ghost (journeyman DrEE)
 12640 | D:12     | Noticed a +1 rapier of chaos
 12742 | D:12     | Noticed a five-headed hydra
 12764 | D:12     | Killed a six-headed hydra
 13109 | D:12     | Got the hand axe "Pioluixi" {vorpal, *Drain rElec rPois
                  | SInv}
 13110 | D:12     | Identified the +5 hand axe "Pioluixi" {vorpal, *Drain rElec
                  | rPois SInv} (You found it on level 12 of the Dungeon)
 13132 | D:12     | Reached skill level 15 in Axes
 13199 | D:12     | Found a runed translucent door.
 13200 | D:12     | Noticed a four-headed hydra
 13201 | D:12     | Identified the +4 great mace "Hydrabane" {spect, MP+9}
 13202 | D:12     | Noticed a death knight
 13202 | D:12     | Identified the +4 great mace "Hydrabane" {spect, MP+9}
 13202 | D:12     | Noticed a fire giant
 13207 | D:12     | Noticed a deep elf high priest
 13331 | D:12     | Found a runed translucent door.
 13857 | D:12     | Reached skill level 1 in Short Blades
 13857 | D:12     | Reached skill level 1 in Long Blades
 13857 | D:12     | Reached skill level 1 in Polearms
 13857 | D:12     | Reached skill level 1 in Staves
 13857 | D:12     | Reached skill level 1 in Ice Magic
 13857 | D:12     | Reached skill level 1 in Air Magic
 13857 | D:12     | Reached skill level 1 in Earth Magic
 13857 | D:12     | Reached skill level 1 in Poison Magic
 13857 | D:12     | Reached XP level 13. HP: 87/96 MP: 13/13
 13861 | D:12     | Killed a deep elf high priest
 13872 | D:12     | Killed a four-headed hydra
 13876 | D:12     | Noticed a war gargoyle
 13876 | D:12     | Killed a fire giant
 13877 | D:12     | Reached skill level 5 in Dodging
 13877 | D:12     | Reached XP level 14. HP: 87/104 MP: 14/14
 13902 | D:12     | Killed a war gargoyle
 14343 | D:12     | Got the cursed flail of the Mind {freeze, *Slow rN+ Dex+3}
 14815 | D:13     | Got the uncursed helmet of Liberty {Harm rN+ Dex+3}
 15085 | D:13     | HP: 4/105 [nine-headed hydra (12)]
 15085 | D:13     | Slain by a nine-headed hydra

Illustrated notes

Levels and vault maps discovered:
D:1:      heliophobic_arrival_henge, layout_basic
D:2:      layout_basic, general_overflow_altar,
          nicolae_dithmenos_through_a_glass_darkly
D:3:      cheibrodos_old_hovel, layout_loops_cross, uniq_crazy_yiuf_cottage
D:4:      minmay_chambers_of_twos, layout_basic, bh_walls_and_bars
D:5:      layout_basic, marbit_many_paths, serial_shops, shop,
          portal_sewer_entry_a, minmay_misc_feat_more_columns,
          grunt_ministairs_12, tgw_fedhas, uniq_blork_the_orc
D:6:      layout_gridville, kennysheep_vampire_church, elyvilon_altar_4
D:7:      nicolae_whirlpool, layout_loops_ring, minmay_temple_entry_ruins,
          serial_shops, shop_statue, nicolae_shop_trees, shop, shop
D:8:      layout_rooms, overflow_temple_1_default, kennysheep_mini,
          nzn_random_ring
D:9:      layout_long_grid, serial_rivers, chequers_serial_rivers_large_a,
          chequers_serial_rivers_micro_a, chequers_serial_rivers_room_b,
          chequers_serial_rivers_large_b, chequers_serial_rivers_micro_c
D:10:     gammafunk_sealed_arena, layout_loops_ring, orc_0_dummy,
          lightli_bailey_entry_fortress
D:11:     layout_big_octagon, lair_entry_dummy, serial_shops,
          nicolae_shop_waterfront, basic_altar
D:12:     minmay_expanding_circles, layout_stronghold, ebering_ghost_xom,
          kennysheep_nondescript, worms_lemuel, uniq_psyche
D:13:     minmay_four_partial_circles, layout_basic, david_vaults_4

Skill      XL: |  1  2  3  4  5  6  7  8  9 10 11 12 13 14 |
---------------+-------------------------------------------+-----
Throwing       | 1 2 3 4 |  4.8
Maces & Flails | 3 4 |  4.7
Axes           | 1 2 4 6 9 11 13 15 | 15.5
Dodging        | 1 2 4 5 |  5.6
Armour         | 4 5 6 7 |  7.8
Fighting       | 4 5 6 7 8 |  8.1
Shields        | 4 5 6 |  6.4
Short Blades   | 1 |  1.8
Long Blades    | 1 |  1.8
Polearms       | 1 |  1.8
Staves         | 1 |  1.8
Ice Magic      | 1 |  1.8
Air Magic      | 1 |  1.8
Earth Magic    | 1 |  1.8
Poison Magic   | 1 |  1.8

Action                   |  1- 3 |  4- 6 |  7- 9 | 10-12 | 13-15 || total
-------------------------+-------+-------+-------+-------+-------++-------
Melee: Flail             |    59 |    67 |       |       |       ||   126
       War axe           |       |    40 |   293 |       |       ||   333
       Broad axe         |       |       |     8 |   573 |       ||   581
       Hand axe          |       |       |       |    58 |   121 ||   179
       Dire flail        |       |       |       |     3 |       ||     3
       Unarmed           |       |       |       |     2 |       ||     2
Throw: Boomerang         |    48 |    63 |    57 |    11 |     4 ||   183
       Dart              |       |       |       |       |     2 ||     2
Invok: Curse Item        |       |       |     1 |       |       ||     1
Evoke: Wand              |       |       |       |    10 |     2 ||    12
  Use: Scroll            |     3 |     6 |    13 |    14 |     4 ||    40
       Potion            |       |       |       |     8 |     4 ||    12
 Stab: Invisible         |       |       |       |       |     3 ||     3
Armor: Scale mail        |    21 |    45 |       |       |       ||    66
       Chain mail        |       |     4 |   167 |       |       ||   171
       Plate armour      |       |       |    33 |   404 |       ||   437
       Ring mail         |       |       |       |    92 |    33 ||   125
Dodge: Dodged            |    15 |    47 |    88 |   275 |    38 ||   463
Block: Kite shield       |    21 |       |       |       |       ||    21
       Buckler           |     2 |    30 |   104 |   267 |    33 ||   436
